 Dungeon Crawl Stone Soup version 0.17-a0-2127-g1cb09f6 (webtiles) character file.

37 tp1 the Conjurer (level 3, -2/28 HPs)
             Began as a Deep Elf Conjurer on Oct 23, 2015.
             Slain by a goblin (3 damage)
             ... on level 3 of the Dungeon.
             The game lasted 00:05:57 (1450 turns).

tp1 the Conjurer (Deep Elf Conjurer)                Turns: 1450, Time: 00:05:57

Health: -2/28      AC: 21    Str:  5    XL:     3   Next: 21%
Magic:  2/10       EV:  2    Int: 20    God:
Gold:   51         SH:  0    Dex: 15    Spells: 1 memorised, 8 levels left

rFire  . . .     SeeInvis .     h - +1 dagger (venom)
rCold  . . .     Clarity  .     (armour currently unavailable)
rNeg   + + +     SustAt   .     (no shield)
rPois  +         Gourm    .     (helmet currently unavailable)
rElec  .         Spirit   .     (cloak currently unavailable)
rCorr  .         Warding  .     (gloves currently unavailable)
rMut   .         NoTele   +     (boots currently unavailable)
MR     .....                    p - amulet of faith
Stlth  +++.......               (no ring)
                                (no ring)

@: tree-form, not resistant to hostile enchantments, fairly stealthy
A: mutation resistance 1
a: no special abilities


You were on level 3 of the Dungeon.
You were not hungry.
You were a tree.
You visited 1 branch of the dungeon, and saw 3 of its levels.

You collected 51 gold pieces.

Inventory:

Hand Weapons
 h - a +1 dagger of venom (weapon)
Armour
 a - a +0 robe (melded)
Jewellery
 j - an uncursed amulet of warding
 p - an amulet of faith (around neck)
Scrolls
 d - 2 scrolls of identify {unknown}
 e - 3 scrolls of enchant armour {unknown}
 f - 2 scrolls of teleportation {unknown}
 i - a scroll of remove curse {unknown}
 k - 2 scrolls of immolation {unknown}
 m - 2 scrolls of recharging {unknown}
 r - a scroll of random uselessness {unknown}
Books
 b - a book of Conjurations

   Spells                             Type                      Level
   a - Magic Dart                     Conjuration                  1
   b - Searing Ray                    Conjuration                  2
   c - Dazzling Spray                 Conjuration/Hexes            3
   d - Fulminant Prism                Conjuration/Hexes            4
   e - Iskenderun's Mystic Blast      Conjuration                  4
   f - Iskenderun's Battlesphere      Conjuration/Charms           5
Comestibles
 c - a bread ration
 l - a beef jerky
 q - 5 chunks of flesh


   Skills:
 - Level 3.1 Dodging
 - Level 2.4 Stealth
 + Level 3.6 Spellcasting
 - Level 5.0 Conjurations


You had 8 spell levels left.
You knew the following spells:

 Your Spells              Type           Power        Failure   Level  Hunger
a - Magic Dart            Conj           ###.         1%          1    None


Dungeon Overview and Level Annotations

Branches:
Dungeon (3/15)

Altars:

Annotations:
D:3 Ijyb


Innate Abilities, Weirdness & Mutations

You are somewhat resistant to further mutation.


Message History

The hobgoblin hits you but does no damage.
The adder bites you but does no damage.
The giant newt bites you but does no damage.
You miss the adder.
The adder is heavily wounded.
The goblin barely misses you. The adder bites you but does no damage.
The kobold hits you but does no damage.
The hobgoblin hits you but does no damage.
The giant newt bites you but does no damage.
Ijyb hits you but does no damage.
You hit the hobgoblin but do no damage.
The hobgoblin is poisoned.
The goblin hits you.
* * * LOW HITPOINT WARNING * * *
The adder bites you but does no damage. The kobold hits you with a short sword.
* * * LOW HITPOINT WARNING * * *
The hobgoblin hits you but does no damage.
The giant newt bites you but does no damage.
You closely miss Ijyb. The adder bites you but does no damage.
The goblin hits you.
You die...

##. .. ### ##..
.# ...# .....
.##....
.#...###....#..
..............#
............#..
.#.....gK.....#
......S♣gS..#
......lg#.....#
.......g. ..#..
.......... ...
........#.. #..
..........#. #
.........##.#
........# .


You could see Ijyb, an adder, a hobgoblin, 2 goblins, a ball python, a kobold
and a giant newt.

Vanquished Creatures
  An ooze (D:1)
  2 giant cockroaches
  8 goblins
  8 hobgoblins
  3 bats
  A giant newt (D:1)
  5 kobolds (D:1)
  3 rats
31 creatures vanquished.

Notes
Turn   | Place    | Note
--------------------------------------------------------------
     0 | D:1      | tp1 the Deep Elf Conjurer began the quest for the Orb.
     0 | D:1      | Reached XP level 1. HP: 10/10 MP: 6/6
   413 | D:1      | Reached XP level 2. HP: 15/15 MP: 5/8
   763 | D:1      | Reached skill level 5 in Conjurations
  1309 | D:2      | Reached XP level 3. HP: 19/19 MP: 6/9
  1442 | D:3      | Noticed Ijyb
  1443 | D:3      | Gained mutation: You are somewhat resistant to further mutation. [potion of beneficial mutation]
  1449 | D:3      | HP: 1/28 [kobold/short sword (1)]
  1450 | D:3      | Slain by a goblin

Vault maps used:
D:1:      lemuel_arrival_behind_the_door_large
D:2:      tso_oasis_becter, overflow_temple_1_default, serial_bayou_pond_e,
          minmay_box_of_dots, uniq_crazy_yiuf_cottage
D:3:      minmay_strange_pillars, minmay_misc_feat_pillars, grunt_decor_clamped,
          uniq_iyjb, uniq_grinder, uniq_natasha

Action                   || total
-------------------------++-------
Melee: Dagger            ||     7
 Cast: Magic Dart        ||    53
  Use: Potion            ||     3
  Eat: Chunk             ||     1
